 Dungeon Crawl Stone Soup version 0.31-a0-1529-g7bd419a0e5 (webtiles) character file.

Game seed: 12242044969761919952

1208 bloodandswash the Carver (level 8, 0/62 HPs)
             Began as an Octopode Chaos Knight on Dec 31, 2023.
             Was a Plaything of Xom.
             Succumbed to Amaemon's poison
             ... on level 8 of the Dungeon.
             The game lasted 00:05:43 (5372 turns).

bloodandswash the Carver (Octopode Chaos Knight)    Turns: 5372, Time: 00:05:44

Health: 0/62       AC:  3    Str: 16    XL:     8   Next: 45%
Magic:  8/8        EV: 13    Int: 13    God:    Xom [......]
Gold:   58         SH:  0    Dex: 12    Spells: 7/7 levels left

rFire   . . .        p - +2 dagger (elec)
rCold   . . .        (no shield)
rNeg    . . .        (helmet restricted)
rPois   .            c - amulet of magic regeneration
rElec   .            (no ring)
rCorr   .            (no ring)
SInv    .            (no ring)
Will    .....        (no ring)
Stlth   ++           (no ring)
HPRegen 0.30/turn    (no ring)
MPRegen 0.51/turn    (no ring)
                     (no ring)

%: no passive effects
@: lethally poisoned (0 -> -13), weak-willed, slowed, very slow
A: almost no armour, amphibious, 8 rings, camouflage 1, gelatinous body 1,
(nimble swimmer 1), tentacles, iridescent scales 1, sense surroundings 1, robust
1, screaming 1, strong 1, subdued magic 1, MP-powered wands
a: Renounce Religion


You were on level 8 of the Dungeon.
You worshipped Xom.
You were a very special plaything of Xom.
You visited 1 branch of the dungeon, and saw 8 of its levels.

You collected 238 gold pieces.
You spent 180 gold pieces at shops.

Inventory:

Hand Weapons
 a - a +0 falchion of chaos
 p - a +2 dagger of electrocution (weapon)
 z - a +0 long sword
Armour
 y - a +0 hat
Jewellery
 c - an amulet of magic regeneration (around mantle)
Talismans
 q - a maw talisman
Wands
 u - a wand of roots (6)
Scrolls
 d - a scroll of amnesia
 f - 5 scrolls of identify {@r1}
 h - a scroll of revelation
 m - 2 scrolls of enchant weapon
 w - 2 scrolls of blinking {@r4}
Potions
 e - 3 potions of lignification
 g - 2 potions of cancellation {unknown}
 i - 2 potions of ambrosia {unknown}
 j - 3 potions of attraction {unknown}
 k - 2 potions of enlightenment {unknown}
 l - 3 potions of might {@q3}
 r - 3 potions of curing {@q1}
 s - 2 potions of berserk rage {unknown}
 v - a potion of degeneration {unknown}
 x - 2 potions of haste {unknown}
 A - a potion of mutation {unknown}


   Skills:
 + Level 6.0 Fighting
 * Level 8.0 Long Blades
 - Level 2.3 Dodging
 + Level 3.9 Evocations


You had 7 spell levels left.
You didn't know any spells.
Your spell library contained the following spells:

 Spells                   Type           Power      Damage    Failure   Level
 Ensorcelled Hibernation  Hex/Ice        0%         N/A       38%         2
 Fugue of the Fallen      Necr           0%         N/A       63%         3
 Volatile Blastmotes      Fire/Tloc      0%         2d10      63%         3
 Anguish                  Hex/Necr       0%         N/A       96%         4
 Fulminant Prism          Conj/Alch      0%         3d5       96%         4
 Iskenderun's Mystic Bla  Conj/Tloc      0%         2d3       96%         4


Dungeon Overview and Level Annotations

Branches:
Dungeon (8/15)             Temple (0/1) D:4            Lair (0/5) D:8

Altars:
Gozag
Okawaru
Ru
Sif Muna
Vehumet
Yredelemnul

Shops:
D:4 !   D:5 :

Annotations:
D:6 Maggie
D:8 Amaemon


Innate Abilities, Weirdness & Mutations

You cannot wear most types of armour.
You are amphibious.
You can wear up to eight rings at the same time.
Your skin changes colour to match your surroundings (Stealth+).
Your rubbery body absorbs attacks. (AC +1, EV +1)
((You are camouflaged when in or above water. (Stealth+)))
You have tentacles for arms and can constrict up to eight enemies at once.
You are partially covered in iridescent scales. (AC +2)
You passively map a small area around you.
You are robust. (+10% HP)
You occasionally shout uncontrollably at your foes.
Your muscles are strong. (Str +4, Int/Dex -1)
Your spells are a little easier to cast, but a little less powerful.
You expend magic power (3 MP) to strengthen your wands.


Message History

Amaemon mumbles some strange words.
As you read the scroll labelled OMUWNE HURI, it crumbles to dust.
A wave of despondency washes over your surroundings.
It was a scroll of vulnerability.
Amaemon hits you with a -2 demon whip of venom!
You are poisoned.
Amaemon claws you but does no damage. Amaemon barely misses you.
The orange demon stings you from afar!
* * * LOW HITPOINT WARNING * * *
You are lethally poisoned!
You have difficulty breathing.
* * * LOW HITPOINT WARNING * * *
You feel yourself slow down. The scorpion barely misses you.
Unknown command.
Okay, then.
As you read the scroll of butterflies, it crumbles to dust.
You hear the flapping of tiny wings.
* * * LOW HITPOINT WARNING * * *
You feel extremely sick.
Something closely misses your butterfly.
You feel better.
Something barely misses your butterfly. x2
Amaemon casts a spell at something.
Something stings your butterfly!
Your butterfly dies!
Your butterfly disappears in a burst of colours!
The scorpion closely misses you. Something barely misses your butterfly.
Something claws your butterfly!
Your butterfly dies!
Your butterfly disappears in a burst of colours!
The scorpion misses your butterfly. The scorpion stings you.
* * * LOW HITPOINT WARNING * * *
The scorpion stings your butterfly!
Your butterfly dies!
Your butterfly disappears in a burst of colours!
Amaemon hits you with a -2 demon whip of venom.
* * * LOW HITPOINT WARNING * * *
You are lethally poisoned!
Amaemon closely misses you. x2
You die...
Xom guffaws!

...,,,,**##.......####
...#######........####
###...............####
....######..4.....####
##### ##...§§b.####
##...4s§####
###.§§6§####
####§bs§####
######@#####
############
############
############
############
############
############


You could see Amaemon (inner flame, weak-willed) and a scorpion (summoned,
weak-willed).

Vanquished Creatures
  An ice beast (D:4)
  2 centaurs (D:6)
  A bullfrog (D:7)
  2 scorpions
  3 jellies
  3 killer bees (D:7)
  2 howler monkeys
  A bombardier beetle (D:3)
  A hound (D:5)
  Crazy Yiuf (D:3)
  An orc priest (D:5)
  An iguana (D:5)
  2 orc wizards (D:6)
  Robin (D:3)
  4 gnolls (D:5)
  4 adders
  A shadow imp (D:6)
  2 white imps
  4 ufetubi
  4 dart slugs
  A ribbon worm (D:2)
  14 orcs
  6 endoplasms
  2 giant cockroaches
  18 goblins
  10 hobgoblins
  2 jackals (D:1)
  A quokka (D:2)
  6 ball pythons
  4 bats
  2 frilled lizards
  11 kobolds
  4 rats
122 creatures vanquished.

Vanquished Creatures (collateral kills)
  An orc priest (D:5)
1 creature vanquished.

Grand Total: 123 creatures vanquished

Notes
Turn   | Place    | Note
-------+----------+-------------------------------------------
     0 | D:1      | bloodandswash the Octopode Chaos Knight began the quest for
                  | the Orb.
     0 | D:1      | Reached XP level 1. HP: 16/16 MP: 1/1
   378 | D:1      | Reached XP level 2. HP: 21/21 MP: 2/2
   511 | D:1      | XOM: cloud trail
   600 | D:1      | XOM: divination: detect items
   818 | D:2      | XOM: 1-stop teleportation journey
   837 | D:2      | Reached XP level 3. HP: 24/26 MP: 3/3
   866 | D:2      | XOM: noise
   879 | D:2      | XOM: silly message
   887 | D:2      | XOM: enchant monster (good)
   889 | D:2      | XOM: fog
   892 | D:2      | Reached skill level 4 in Long Blades
   985 | D:2      | XOM: give mutations
   985 | D:2      | Gained mutation: You have a pair of small antennae on your
                  | head. [Xom's grace]
   985 | D:2      | Gained mutation: You are robust. (+10% HP) [Xom's grace]
   985 | D:2      | Gained mutation: You expend magic power (3 MP) to
                  | strengthen your wands. [Xom's grace]
   985 | D:2      | Gained mutation: You are partially covered in iridescent
                  | scales. (AC +2) [Xom's grace]
  1062 | D:2      | Identified the +0 ring mail of Hairy Surprise {+Inv rF-
                  | Str+2}
  1306 | D:3      | Reached XP level 4. HP: 27/35 MP: 4/4
  1515 | D:3      | Noticed Robin
  1524 | D:3      | Killed Robin
  1753 | D:3      | Reached XP level 5. HP: 21/40 MP: 5/5
  1801 | D:3      | XOM: 10-stop teleportation journey
  1842 | D:3      | Found a shimmering blue altar of Sif Muna.
  2004 | D:3      | XOM: cloud trail
  2007 | D:3      | Found a runed translucent door.
  2008 | D:3      | Noticed Crazy Yiuf
  2019 | D:3      | Killed Crazy Yiuf
  2020 | D:3      | Reached skill level 5 in Long Blades
  2034 | D:3      | XOM: give mutations
  2034 | D:3      | Gained mutation: Your muscles are strong. (Str +4, Int/Dex
                  | -1) [Xom's mischief]
  2034 | D:3      | Lost mutation: You have a pair of small antennae on your
                  | head. [Xom's mischief]
  2034 | D:3      | Gained mutation: You passively map a small area around you.
                  | [Xom's mischief]
  2237 | D:4      | Noticed an ice beast
  2278 | D:5      | Entered Level 5 of the Dungeon
  2339 | D:5      | Found an opulent altar of Gozag.
  2365 | D:5      | Reached XP level 6. HP: 44/48 MP: 6/6
  2423 | D:5      | XOM: summons friendly quasit
  2530 | D:5      | Reached skill level 6 in Long Blades
  2595 | D:5      | Reached skill level 1 in Evocations
  2813 | D:5      | Found Piogyjif's Book Shoppe.
  2836 | D:5      | Reached XP level 7. HP: 39/53 MP: 7/7
  2839 | D:5      | Reached skill level 5 in Fighting
  2906 | D:5      | XOM: silly message
  3001 | D:5      | Found a radiant altar of Vehumet.
  3081 | D:5      | XOM: cloud trail
  3210 | D:5      | XOM: cloud trail
  3286 | D:6      | Noticed Maggie
  3300 | D:6      | XOM: 3-stop teleportation journey
  3385 | D:6      | XOM: noise
  3402 | D:6      | Found an iron altar of Okawaru.
  3416 | D:6      | XOM is BORED!
  3416 | D:6      | XOM: 7-stop teleportation journey
  3457 | D:6      | Reached skill level 7 in Long Blades
  3554 | D:6      | XOM: 3-stop teleportation journey
  3594 | D:6      | XOM: give mutation
  3594 | D:6      | Gained mutation: You occasionally shout uncontrollably at
                  | your foes. [Xom's mischief]
  3715 | D:6      | Reached XP level 8. HP: 61/61 MP: 8/8
  4612 | D:4      | Found a sacrificial altar of Ru.
  4709 | D:4      | Found a staircase to the Ecumenical Temple.
  4816 | D:4      | Found Bauch's Distillery.
  4821 | D:4      | Bought a potion of lignification for 30 gold pieces
  4821 | D:4      | Bought a potion of curing for 30 gold pieces
  4821 | D:4      | Bought a potion of might for 40 gold pieces
  4821 | D:4      | Bought a potion of heal wounds for 50 gold pieces
  4821 | D:4      | Bought a potion of curing for 30 gold pieces
  5271 | D:7      | Found a basalt altar of Yredelemnul.
  5302 | D:7      | Reached skill level 8 in Long Blades
  5316 | D:7      | XOM: summons 5 hostile demons
  5317 | D:7      | Noticed a smoke demon
  5317 | D:7      | Noticed a hellwing
  5317 | D:7      | Gained mutation: Your spells are a little easier to cast,
                  | but a little less powerful. [a neqoxec]
  5332 | D:8      | Noticed Amaemon
  5332 | D:8      | Noticed an orange demon
  5368 | D:8      | HP: 2/62 [poisoned by orange demon (concentrated venom)]
  5372 | D:8      | Succumbed to Amaemon's poison

Illustrated notes

Levels and vault maps discovered:
D:1:      orjb1_lava_funnel, layout_basic, chequers_serial_rivers_small_b
D:2:      layout_rooms
D:3:      layout_loops_ring, nicolae_sif_muna_little_library, minmay_between,
          uniq_robin, uniq_crazy_yiuf_cottage
D:4:      layout_cave_pools, mainiacjoe_overflow_24_doors,
          minmay_temple_entry_fiery, serial_shops, kennysheep_little_box
D:5:      layout_cave_pods, lemuel_doored_altar, mainiacjoe_overflow_alcove_1,
          serial_shops, shop
D:6:      layout_basic, okawaru_altar_gauntlet_db, uniq_maggie
D:7:      layout_loops_cross, old_standard_altar
D:8:      layout_cave_pods, chequers_temple_overflow_statue_of_worship,
          regret_index_xom_buried_treasure, minmay_lair_entry_grove,
          kennysheep_flooded_box, uniq_erica, uniq_joseph, uniq_amaemon,
          uniq_pikel

Skill      XL: |  1  2  3  4  5  6  7  8 |
---------------+-------------------------+-----
Long Blades    | 4 5 6 7 8 |  8.0
Fighting       | 4 5 6 |  6.0
Evocations     | 1 3 |  3.9
Dodging        | |  2.3

Action                     |  1- 3 |  4- 6 |  7- 9 || total
---------------------------+-------+-------+-------++-------
  Melee: Falchion          |    73 |    22 |       ||    95
         Constrict         |    17 |    20 |    17 ||    54
         Tentacles         |    10 |    18 |    20 ||    48
         Dagger            |       |    73 |    83 ||   156
  Evoke: Wand              |       |       |     2 ||     2
    Use: Scroll            |       |       |     9 ||     9
         Potion            |       |       |     4 ||     4
   Stab: Sleeping          |     4 |     7 |     6 ||    17
 Armour: Skin              |    25 |    42 |    62 ||   129
  Dodge: Dodged            |    43 |    57 |    64 ||   164

Table legend: (Time is in decaauts)
 A = Elapsed time spent in this place.
 B = Non-inter-level travel time spent in this place.
 C = Inter-level travel time spent in this place.
 D = Time resting spent in this place.
 E = Time spent auto-exploring this place.
 F = Levels seen in this place.
 G = Mean time per level.
                   A        B        C        D        E       F      G
               +--------+--------+--------+--------+--------+-----+--------+
         Total |   5355 |   5043 |    312 |    300 |   3901 |   8 |  669.4 |
       Dungeon |   5355 |   5043 |    312 |    300 |   3901 |   8 |  669.4 |
               +--------+--------+--------+--------+--------+-----+--------+

Top non-repeatable levels by time:
     D:6: 1272 daAuts
     D:5: 1047 daAuts
     D:3: 952 daAuts
     D:1: 632 daAuts
     D:4: 605 daAuts
     D:2: 557 daAuts
     D:7: 246 daAuts
     D:8: 41 daAuts
